 Dungeon Crawl Stone Soup version 0.26-a0-651-gb41185065b (webtiles) character file.

Game seed: 14021391022535414240

9137 Arthanis the Cleaver (level 11, -6/71 HPs)
             Began as a Gargoyle Berserker on Oct 26, 2020.
             Was a High Priest of Trog.
             Mangled by a skeletal warrior
             ... wielding a +0 long sword
             ... led by a skeletal warrior
              (14 damage)
             ... on level 10 of the Dungeon.
             The game lasted 00:14:26 (10426 turns).

Arthanis the Cleaver (Gargoyle Berserker)          Turns: 10426, Time: 00:14:27

Health: -6/71      AC: 27    Str: 21    XL:     11   Next: 41%
Magic:  11/11      EV:  8    Int: 11    God:    Trog [*****.]
Gold:   756        SH:  7    Dex: 15    Spells: 10/10 levels left

rFire    . . .     SeeInvis .   b - +0 war axe
rCold    . . .     Faith    .   Y - +2 buckler
rNeg     + . .     Spirit   .   l - +0 plate armour
rPois    ∞         Reflect  .   o - +0 helmet
rElec    +         Harm     .   P - +0 cloak
rCorr    .         Rampage  .   h - +1 pair of gloves
MR       +++..                  H - +0 pair of boots
Stlth    ..........             (no amulet)
HPRegen  1.21/turn              s - +6 ring of dexterity
MPRegen  0.12/turn              X - ring of protection from magic

@: berserk cooldown, regenerating, slowed, very slow
A: negative energy resistance 1, electricity resistance, unbreathing,
petrification resistance, rot immunity, AC +8
a: Berserk, Trog's Hand, Brothers in Arms, Renounce Religion


You were on level 10 of the Dungeon.
You worshipped Trog.
Trog was extremely pleased with you.
You visited 1 branch of the dungeon, and saw 11 of its levels.
You also visited: Ossuary.

You collected 756 gold pieces.

Inventory:

Hand Weapons
 a - a +3 dagger of venom
 b - a +0 war axe (weapon)
 p - a +0 spear
 Z - a +0 battleaxe
Missiles
 L - 3 throwing nets (quivered)
Armour
 h - a +1 pair of gloves (worn)
 l - a +0 plate armour (worn)
 n - a +0 chain mail
 o - a +0 helmet (worn)
 H - a +0 pair of boots (worn)
 P - a +0 cloak (worn)
 Y - a +2 buckler (worn)
Jewellery
 s - a +6 ring of dexterity (left hand)
 G - an uncursed ring of see invisible
 X - a ring of protection from magic (right hand)
Wands
 I - a wand of polymorph (9)
 N - a wand of paralysis (9)
 O - a wand of acid (13)
 Q - a wand of iceblast (5)
 U - a wand of enslavement (7)
 W - a wand of random effects (15)
Scrolls
 c - 7 scrolls of identify {unknown}
 d - 4 scrolls of amnesia {unknown}
 f - 6 scrolls of enchant weapon
 i - 5 scrolls of teleportation {unknown}
 j - 6 scrolls of immolation {unknown}
 k - 4 scrolls of fear {unknown}
 m - 6 scrolls of remove curse
 y - 4 scrolls of fog {unknown}
 A - a scroll of random uselessness {unknown}
 C - 3 scrolls of blinking {unknown}
 E - 3 scrolls of magic mapping {unknown}
 J - a scroll of acquirement {unknown}
 M - a scroll of enchant armour {unknown}
 T - a scroll of noise {unknown}
 V - a scroll of torment {unknown}
Potions
 e - a potion of mutation {unknown}
 g - 6 potions of curing
 q - 5 potions of degeneration {unknown}
 r - 2 potions of berserk rage {unknown}
 t - a potion of lignification {unknown}
 u - 6 potions of heal wounds {unknown}
 w - 4 potions of might {unknown}
 x - 2 potions of stabbing {unknown}
 z - 2 potions of brilliance {unknown}
 B - 2 potions of cancellation {unknown}
 D - 4 potions of magic {unknown}
 F - a potion of haste {unknown}
 K - 2 potions of flight {unknown}


   Skills:
 + Level 9.6 Fighting
 * Level 11.1 Axes
 + Level 7.7 Armour
 - Level 4.1 Dodging
 - Level 4.0 Shields
 + Level 3.8 Evocations


You had 10 spell levels left.
You didn't know any spells.
Your spell library contained the following spells:

 Spells                   Type           Power        Failure   Level
 Magic Dart               Conj           #...         99%         1
 Searing Ray              Conj           #.....       100%        2
 Confusing Touch          Hex            #.......     100%        3
 Dazzling Flash           Conj/Hex       #.....       100%        3
 Gell's Gravitas          Tloc           #.........   100%        3
 Fulminant Prism          Conj/Hex       #.........   100%        4
 Iskenderun's Mystic Bla  Conj/Tloc      #.......     100%        4
 Petrify                  Tmut/Erth      #.......     100%        4
 Bolt of Magma            Conj/Fire/Erth #.........   100%        5
 Iskenderun's Battlesphe  Conj           #.......     100%        5
 Metabolic Englaciation   Hex/Ice        #.........   100%        5
 Yara's Violent Unravell  Hex/Tmut       #.........   100%        5
 Iron Shot                Conj/Erth      #.........   100%        6
 Orb of Destruction       Conj           #.........   100%        7
 Spellforged Servitor     Conj/Summ      #.........   100%        7


Dungeon Overview and Level Annotations

Branches:
Dungeon (11/15)            Temple (0/1) D:7             Orc (0/2) D:10
Ossuary (visited)
   Lair: D:8-11

Altars:
Elyvilon
Fedhas
Gozag
Kikubaaqudgha
Makhleb
Nemelex Xobeh
Qazlal
Uskayaw
Vehumet

Portals:
Trove: D:10 (give 8 potions of haste)

Annotations:
D:7 3 runed translucent doors, Finra's ghost, novice SpCj
D:10 3 runed translucent doors, p0werm0de's ghost, journeyman DgFi


Innate Abilities, Weirdness & Mutations

You are resistant to torment.
Your stone body is resilient. (AC +8)
You are immune to poison.
You resist negative energy. (rN+)
You are resistant to electric shocks. (rElec)
You can survive without breathing.
You are immune to petrification.
You are immune to rotting.


Message History

The two-headed ogre hits you but does no damage.
Your skin crawls.
You feel resistant to hostile enchantments.
The skeletal warrior hits you with a +2 broad axe of venom.
The skeletal warrior hits you but does no damage.
The two-headed ogre hits you but does no damage. x2
The skeletal warrior hits you but does no damage.
The skeletal warrior hits you with a +2 broad axe of venom!
* * * LOW HITPOINT WARNING * * *
The two-headed ogre hits you but does no damage.
The two-headed ogre closely misses you.
You block the skeletal warrior's attack.
The skeletal warrior hits you but does no damage.
The skeletal warrior barely misses you.
The skeletal warrior hits you with a +0 long sword.
* * * LOW HITPOINT WARNING * * *
The skeletal warrior hits you with a +2 broad axe of venom!
* * * LOW HITPOINT WARNING * * *
The skeletal warrior hits you with a +0 long sword!
You die...

#### ########## ...#
#........# ...#
############........#
...######...................#
.>........>.................#
....[..........z..........###
...#####.......z@.........#
...#...#..##...O..........###
...####.....####............#
...#.....8.....#...........##
...#.........))#......<....#
.............((............#
....8....>...)8(.....#######
.....................#
...#...........#.....#


You could see 2 skeletal warriors and a two-headed ogre.

Vanquished Creatures
  Erolcha (D:9)
  2 two-headed ogres
  A skeletal warrior (D:11)
  A guardian serpent (D:9)
  A gargoyle (D:10)
  2 trolls
  2 hippogriffs (D:7)
  Sigmund (D:4)
  A shadow (D:8)
  Menkaure (D:5)
  A water moccasin (D:7)
  2 phantoms
  6 orc warriors
  4 black bears
  A necrophage (D:7)
  An ice beast (D:8)
  A centaur (D:8)
  A crocodile (D:8)
  3 ogres
  A big kobold (D:10)
  4 bullfrogs
  A water moccasin skeleton (D:7)
  2 scorpions (D:7)
  10 killer bees
  3 wights (D:7)
  A howler monkey (D:9)
  A bullfrog zombie (D:7)
  3 quasits (D:3)
  4 centaur zombies
  A jelly (D:8)
  4 hounds
  2 centaur skeletons
  9 orc priests
  A bullfrog skeleton (D:10)
  A gnoll shaman (D:6)
  6 orc wizards
  Jessica (D:3)
  Natasha (thrice) (D:3)
  3 iguanas
  7 worker ants
  2 ogre zombies (Ossuary)
  2 hound skeletons
  8 mummies
  A worker ant zombie (D:6)
  Robin (D:3)
  12 gnolls
  12 adders
  A shadow imp (D:10)
  3 white imps
  An ufetubus (D:6)
  2 oozes
  5 adder zombies
  An adder skeleton (D:4)
  The ghost of Lanoc the Chiller, a weakling HaIE (D:3)
  6 leopard geckos
  32 orcs
  5 ball pythons
  6 bats
  7 giant cockroaches
  17 goblins
  9 hobgoblins
  5 jackals
  12 kobolds
  2 quokkas (D:3)
  5 frilled lizards
  A gnoll zombie (Ossuary)
  3 goblin zombies
  6 hobgoblin zombies
  6 kobold zombies (Ossuary)
  2 leopard gecko zombies
  2 quokka skeletons
  7 quokka zombies
  8 rats
  A rat zombie (Ossuary)
295 creatures vanquished.

Notes
Turn   | Place    | Note
-------+----------+-------------------------------------------
     0 | D:1      | Arthanis the Gargoyle Berserker began the quest for the
                  | Orb.
     0 | D:1      | Reached XP level 1. HP: 14/14 MP: 1/1
    61 | D:1      | Reached XP level 2. HP: 18/19 MP: 2/2
    61 | D:1      | Reached skill level 3 in Axes
   588 | D:2      | Found an ancient bone altar of Kikubaaqudgha.
   610 | D:2      | Reached XP level 3. HP: 12/23 MP: 3/3
  1253 | D:2      | Found a radiant altar of Vehumet.
  1308 | D:2      | Reached ** piety under Trog
  1308 | D:2      | Reached XP level 4. HP: 26/29 MP: 4/4
  1335 | D:2      | Found a sparkling altar of Nemelex Xobeh.
  1383 | D:2      | Found a stormy altar of Qazlal.
  1385 | D:2      | Noticed an earth elemental
  1386 | D:2      | Noticed a fire elemental
  1386 | D:2      | Noticed a water elemental
  1386 | D:2      | Noticed an air elemental
  1524 | D:2      | Found a burning altar of Makhleb.
  1654 | D:3      | Noticed Natasha
  1709 | D:3      | Killed Natasha
  1773 | D:3      | Noticed Robin
  1786 | D:3      | Killed Robin
  1786 | D:3      | Reached XP level 5. HP: 33/33 MP: 5/5
  1789 | D:3      | Reached skill level 4 in Axes
  1860 | D:3      | Noticed Jessica
  1865 | D:3      | Killed Jessica
  1876 | D:3      | Found a transporter.
  1880 | D:3      | Noticed Lanoc's ghost (weakling HaIE)
  1906 | D:3      | Found a transporter.
  1960 | D:3      | Found a hide-covered altar of Uskayaw.
  1960 | D:3      | Noticed a +0 dagger
  1960 | D:3      | Noticed a +0 dagger
  2005 | D:3      | Noticed Natasha
  2012 | D:3      | Killed Natasha
  2012 | D:3      | Reached XP level 6. HP: 26/39 MP: 6/6
  2209 | D:3      | Reached *** piety under Trog
  2386 | D:3      | Noticed Natasha
  2393 | D:3      | Killed Natasha
  2393 | D:3      | Reached skill level 5 in Axes
  2521 | D:3      | Killed Lanoc's ghost
  2538 | D:3      | Reached skill level 5 in Fighting
  2538 | D:3      | Reached XP level 7. HP: 29/44 MP: 7/7
  2659 | D:4      | You fall into a shaft and drop 3 floors!
  2659 | D:7      | Found an opulent altar of Gozag.
  2704 | D:7      | Reached skill level 6 in Axes
  2982 | D:7      | Found a runed translucent gate.
  2982 | D:7      | Found a runed translucent gate.
  2982 | D:7      | Found a runed translucent gate.
  2983 | D:7      | Noticed Finra's ghost (novice SpCj)
  3022 | D:7      | Noticed a hippogriff
  3031 | D:7      | Killed a hippogriff
  3031 | D:7      | Reached skill level 7 in Axes
  3031 | D:7      | Reached XP level 8. HP: 26/51 MP: 8/8
  3065 | D:6      | Found a sand-covered staircase.
  3179 | Ossuary  | Entered an ossuary
  3428 | Ossuary  | Reached **** piety under Trog
  3914 | D:5      | Entered Level 5 of the Dungeon
  4534 | D:5      | Noticed Menkaure
  4544 | D:5      | Killed Menkaure
  4661 | D:4      | Noticed Sigmund
  4669 | D:4      | Killed Sigmund
  4669 | D:4      | Reached skill level 8 in Axes
  4706 | D:4      | Reached XP level 9. HP: 54/57 MP: 9/9
  5359 | D:5      | Reached skill level 5 in Armour
  5507 | D:6      | Found a white marble altar of Elyvilon.
  5524 | D:6      | Found a blossoming altar of Fedhas.
  5541 | D:6      | Reached ***** piety under Trog
  6049 | D:7      | Reached skill level 9 in Axes
  6191 | D:7      | Found a staircase to the Ecumenical Temple.
  6942 | D:8      | Reached skill level 1 in Evocations
  6942 | D:8      | Reached XP level 10. HP: 49/65 MP: 10/10
  7415 | D:8      | Noticed a two-headed ogre
  7432 | D:8      | Killed a two-headed ogre
  7432 | D:8      | Reached skill level 10 in Axes
  7648 | D:9      | Noticed a guardian serpent
  7665 | D:9      | Killed a guardian serpent
  7665 | D:9      | Received a gift from Trog
  7856 | D:9      | Noticed Erolcha
  7866 | D:9      | Killed Erolcha
  8809 | D:10     | Entered Level 10 of the Dungeon
  8820 | D:10     | Reached skill level 1 in Shields
  8857 | D:10     | Found a staircase to the Orcish Mines.
  8909 | D:10     | Found a runed translucent gate.
  8909 | D:10     | Found a runed translucent gate.
  8909 | D:10     | Found a runed translucent gate.
  9013 | D:10     | Noticed a gargoyle
  9026 | D:10     | Killed a gargoyle
  9026 | D:10     | Reached XP level 11. HP: 71/71 MP: 11/11
  9369 | D:10     | Found a portal to a secret trove of treasure.
  9597 | D:10     | Noticed a two-headed ogre
  9606 | D:10     | Killed a two-headed ogre
 10321 | D:10     | Noticed p0werm0de's ghost (journeyman DgFi)
 10347 | D:11     | Received a gift from Trog
 10349 | D:11     | Noticed a two-headed ogre
 10356 | D:11     | Noticed a skeletal warrior
 10357 | D:11     | Noticed a skeletal warrior
 10403 | D:11     | Noticed a skeletal warrior
 10410 | D:11     | Reached skill level 11 in Axes
 10414 | D:11     | Killed a skeletal warrior
 10426 | D:10     | Mangled by a skeletal warrior

Illustrated notes

Levels and vault maps discovered:
D:1:      dpeg_arrival_arbitrary_c, layout_loops_cross,
          chequers_decorated_corner, st_stairs_5, chequers_garden,
          chequers_serial_rivers_small_b
D:2:      layout_loops_ring, nicolae_qazlal_style_of_elements,
          kiku_gazebo_pond_becter, bloody_makhleb, vehumet_crystals,
          nemelex_dance_club_becter
D:3:      layout_basic, dancing_weapons_uskayaw, gammafunk_ghost_stat_death,
          kennysheep_crisscross, uniq_robin, uniq_natasha, uniq_jessica
D:4:      layout_basic, uniq_sigmund
D:5:      layout_cave_pods, uniq_menkaure
D:6:      layout_basic, lemuel_doored_altar, overflow_temple_1_default,
          nicolae_ossuary_entry_giza, dk_vineyard_3
D:7:      layout_rooms, nicolae_gozag_cash_rules_everything_around_me,
          minmay_temple_entry_hall, gammafunk_ghost_necromancy, grunt_ogre_cave
D:8:      layout_loops_corners
D:9:      layout_loops_ring, nrook_guardian_serpent_double, uniq_erolcha
D:10:     layout_irregular_city, david_orc_2, enter_trove_2,
          ebering_ghost_rock_garden
D:11:     layout_cave_pools, david_lair_generic, st_stairs_9,
          lemuel_mausoleum_altar_kikubaaqudgha

Skill      XL: |  1  2  3  4  5  6  7  8  9 10 11 |
---------------+----------------------------------+-----
Axes           | 3 4 5 7 8 9 10 11 | 11.1
Dodging        | 2 3 4 |  4.1
Armour         | 3 4 6 7 |  7.7
Fighting       | 4 5 6 7 8 9 |  9.6
Evocations     | 1 3 |  3.8
Shields        | 4 |  4.0

Action                   |  1- 3 |  4- 6 |  7- 9 | 10-12 || total
-------------------------+-------+-------+-------+-------++-------
Melee: Hand axe          |    87 |    41 |   189 |    13 ||   330
       Dagger            |    11 |   128 |   356 |   156 ||   651
       War axe           |       |       |       |   183 ||   183
Invok: Berserk           |       |     3 |     9 |    11 ||    23
       Trog's Hand       |       |       |       |     2 ||     2
  Use: Scroll            |       |       |     1 |     1 ||     2
       Potion            |       |       |       |     1 ||     1
 Stab: Sleeping          |     1 |       |       |       ||     1
Armor: Animal skin       |    36 |    14 |       |       ||    50
       Chain mail        |       |   171 |   332 |   108 ||   611
       Skin              |       |       |     3 |       ||     3
       Plate armour      |       |       |       |   179 ||   179
Dodge: Dodged            |    76 |   115 |   208 |   171 ||   570
Block: Buckler           |       |       |       |    94 ||    94

Table legend: (Time is in decaauts)
 A = Elapsed time spent in this place.
 B = Non-inter-level travel time spent in this place.
 C = Inter-level travel time spent in this place.
 D = Time resting spent in this place.
 E = Time spent auto-exploring this place.
 F = Levels seen in this place.
 G = Mean time per level.
                   A        B        C        D        E       F      G
               +--------+--------+--------+--------+--------+-----+--------+
         Total |  10652 |  10299 |    353 |    434 |   7762 |  12 |  887.7 |
       Dungeon |   9968 |   9615 |    353 |    434 |   7287 |  11 |  906.2 |
       Ossuary |    683 |    683 |      0 |      0 |    474 |   1 |  683.0 |
               +--------+--------+--------+--------+--------+-----+--------+

Top non-repeatable levels by time:
    D:10: 1630 daAuts
     D:9: 1238 daAuts
     D:8: 1122 daAuts
     D:2: 1045 daAuts
     D:3: 995 daAuts
     D:7: 989 daAuts
     D:5: 812 daAuts
     D:4: 797 daAuts
     D:6: 719 daAuts
 Ossuary: 683 daAuts
     D:1: 587 daAuts
    D:11: 28 daAuts
